 Dungeon Crawl Stone Soup version 0.28-a0-732-g75e6d9beac (webtiles) character file.

Game seed: 6681463189155270702

1724 Ijustatesigmund the Covert (level 9, -7/62 (73) HPs)
             Began as a Gnoll Delver on Oct 29, 2021.
             Mangled by a wight (13 damage)
             ... on level 6 of the Dungeon.
             The game lasted 00:18:00 (7577 turns).

Ijustatesigmund the Covert (Gnoll Delver)           Turns: 7577, Time: 00:18:01

HP:   -7/62 (73)    AC: 12    Str: 13    XL:     9   Next: 4%
MP:   14/14         EV:  5    Int: 12    God:
Gold: 82            SH: 10    Dex: 13    Spells: 15/15 levels left

rFire   . . .      SeeInvis .   a - +1 war axe (flame)
rCold   . . .      Faith    .   t - +1 kite shield
rNeg    . . .      Spirit   .   b - +0 chain mail
rPois   .          Reflect  .   n - +2 helmet
rElec   .          Harm     .   (no cloak)
rCorr   +          Rampage  .   (no gloves)
Will    .....                   (no boots)
Stlth   +.........              (no amulet)
HPRegen 0.20/turn               o - ring of resist corrosion
MPRegen 0.14/turn               (no ring)

@: weak-willed, heavily drained
A: fangs 1, strong nose, distributed training
a: no special abilities


You were on level 6 of the Dungeon.
You visited 2 branches of the dungeon, and saw 7 of its levels.

You collected 283 gold pieces.
You spent 201 gold pieces at shops.

Inventory:

Hand Weapons
 a - a +1 war axe of flaming (weapon)
 k - a +3 hand axe
Missiles
 f - 7 boomerangs
 h - 22 poisoned darts (quivered)
Armour
 b - a +0 chain mail (worn)
 n - a +2 helmet (worn)
 t - a +1 kite shield (worn)
Jewellery
 o - a ring of resist corrosion (left hand)
Wands
 g - a wand of digging (3)
 j - a wand of charming (2)
Scrolls
 c - a scroll of fog
 d - 2 scrolls of magic mapping
 l - a scroll of summoning
 m - 3 scrolls of identify
Potions
 i - a potion of cancellation
 r - a potion of magic


   Skills:
 + Level 7.6 Fighting
 + Level 3.8 Short Blades
 + Level 3.8 Long Blades
 + Level 6.0 Axes
 + Level 3.8 Maces & Flails
 + Level 3.8 Polearms
 + Level 3.8 Staves
 + Level 3.8 Slings
 + Level 3.8 Bows
 + Level 3.8 Crossbows
 + Level 3.8 Throwing
 + Level 3.8 Armour
 + Level 6.0 Dodging
 + Level 10.3 Stealth
 + Level 3.8 Shields
 + Level 3.8 Unarmed Combat
 + Level 3.8 Spellcasting
 + Level 3.1 Conjurations
 + Level 3.1 Hexes
 + Level 3.1 Summonings
 + Level 3.1 Necromancy
 + Level 3.1 Translocations
 + Level 3.1 Transmutations
 + Level 3.1 Fire Magic
 + Level 3.1 Ice Magic
 + Level 3.1 Air Magic
 + Level 3.1 Earth Magic
 + Level 3.1 Poison Magic
 + Level 4.2 Invocations
 + Level 3.8 Evocations


You had 15 spell levels left.
You didn't know any spells.
Your spell library was empty.

Dungeon Overview and Level Annotations

Branches:
Dungeon (6/15)             Temple (1/1) D:4

Altars:
Okawaru

Shops:
D:2 *

Annotations:
D:4 Dowan


Innate Abilities, Weirdness & Mutations

You have very sharp teeth.
Your uncanny sense of smell can sniff out nearby items.
Your experience applies equally to all skills.


Message History

The wight is lightly damaged.
The wight hits you but does no damage. You block the wight's attack.
You hit the wight but do no damage.
The wight is lightly damaged.
The wight hits you with a +3 great sword.
Your chain mail prevents you from hitting the wight.
The wight is lightly damaged.
The wight hits you but does no damage.
The wight hits you with a +3 great sword!
You feel drained.
You are too injured to fight recklessly!
You are too injured to fight recklessly!
You are too injured to fight recklessly!
You are too injured to fight recklessly!
You are too injured to fight recklessly!
You are too injured to fight recklessly!
You are too injured to fight recklessly!
You are too injured to fight recklessly!
You are too injured to fight recklessly!
You are too injured to fight recklessly!
You are too injured to fight recklessly!
You are too injured to fight recklessly!
You are too injured to fight recklessly!
Okay, then.
Okay, then.
You hit the wight. You burn the wight.
The wight is moderately damaged.
The wight barely misses you.
You barely miss the wight.
The wight is moderately damaged.
The wight hits you with a +3 great sword!
* * * LOW HITPOINT WARNING * * *
The wight hits you with a +3 great sword!
* * * LOW HITPOINT WARNING * * *
You feel drained.
* * * LOW HITPOINT WARNING * * *
As you read the scroll labelled FENONA FIUMORPH, it crumbles to dust.
Magic quickly surges around you.
It was a scroll of vulnerability.
The wight hits you with a +3 great sword!
You die...

##. ... .... #### .....
#.. ......##..
..........#
#..#.....z.########..
###.........@..........
#.....8.8.....).#####..
.....#...(_......[.#####
...
.....................
... #.......<(..#...##.#
∆ ...
#...........###....
#.###...........## ....$
#.##..........((...##...
#.#..##............. ...


You could see a wight (weak-willed).

Vanquished Creatures
  Grinder (D:6)
  Edmund (D:5)
  A black bear (D:6)
  A necrophage (D:5)
  2 phantoms
  Blork the orc (D:6)
  A kobold brigand (D:6)
  3 scorpions
  A water moccasin zombie (D:6)
  A water moccasin skeleton (D:6)
  2 wights (D:6)
  A centaur zombie (D:4)
  An orc priest (D:6)
  2 centaur skeletons (D:6)
  A gnoll shaman (D:4)
  4 iguanas
  An orc wizard (D:5)
  A scorpion zombie (D:5)
  A killer bee zombie (D:6)
  4 gnolls (D:5)
  A howler monkey skeleton (D:4)
  4 adders
  A white imp (D:6)
  An ufetubus (D:6)
  An adder skeleton (D:5)
  3 worms (D:2)
  3 dart slugs
  14 orcs
  3 ball pythons
  3 endoplasms
  2 giant cockroaches (D:1)
  9 hobgoblins
  8 jackals
  10 kobolds
  2 quokkas
  5 bats
  4 frilled lizards
  11 goblins
  6 rats
122 creatures vanquished.

Vanquished Creatures (collateral kills)
  3 gnolls (D:5)
3 creatures vanquished.

Grand Total: 125 creatures vanquished

Notes
Turn   | Place    | Note
-------+----------+-------------------------------------------
     0 | D:5      | Reached skill level 9 in Stealth
     0 | D:5      | Ijustatesigmund the Gnoll Delver began the quest for the
                  | Orb.
     0 | D:5      | Reached XP level 1. HP: 23/23 MP: 1/1
    11 | D:5      | Noticed an iguana
    65 | D:4      | Noticed a scorpion
   165 | D:5      | Reached XP level 2. HP: 29/29 MP: 2/2
   169 | D:5      | Noticed a phantom
   661 | D:2      | Reached XP level 3. HP: 19/35 MP: 3/3
   833 | D:2      | Found Sebramp's Assorted Antiques.
   879 | D:2      | Bought a scroll labelled BEPHITU OGESO for 24 gold pieces
   879 | D:2      | Bought a scroll labelled BEPHITU OGESO for 24 gold pieces
  1091 | D:2      | Reached skill level 1 in Invocations
  1427 | D:2      | Reached skill level 1 in Short Blades
  1427 | D:2      | Reached skill level 1 in Long Blades
  1427 | D:2      | Reached skill level 1 in Maces & Flails
  1427 | D:2      | Reached skill level 1 in Polearms
  1427 | D:2      | Reached skill level 1 in Staves
  1427 | D:2      | Reached skill level 1 in Slings
  1427 | D:2      | Reached skill level 1 in Bows
  1427 | D:2      | Reached skill level 1 in Crossbows
  1427 | D:2      | Reached skill level 1 in Throwing
  1427 | D:2      | Reached skill level 1 in Armour
  1427 | D:2      | Reached skill level 1 in Shields
  1427 | D:2      | Reached skill level 1 in Unarmed Combat
  1427 | D:2      | Reached skill level 1 in Spellcasting
  1427 | D:2      | Reached skill level 1 in Evocations
  1548 | D:1      | Reached XP level 4. HP: 41/41 MP: 5/5
  1887 | D:1      | Found a faded altar of an unknown god.
  2379 | D:2      | Reached skill level 1 in Conjurations
  2379 | D:2      | Reached skill level 1 in Hexes
  2379 | D:2      | Reached skill level 1 in Summonings
  2379 | D:2      | Reached skill level 1 in Necromancy
  2379 | D:2      | Reached skill level 1 in Translocations
  2379 | D:2      | Reached skill level 1 in Transmutations
  2379 | D:2      | Reached skill level 1 in Fire Magic
  2379 | D:2      | Reached skill level 1 in Ice Magic
  2379 | D:2      | Reached skill level 1 in Air Magic
  2379 | D:2      | Reached skill level 1 in Earth Magic
  2379 | D:2      | Reached skill level 1 in Poison Magic
  3046 | D:3      | Reached XP level 5. HP: 47/47 MP: 5/7
  3568 | D:4      | Reached XP level 6. HP: 43/53 MP: 8/8
  3709 | D:4      | Noticed an orc warrior
  3906 | D:4      | Reached skill level 5 in Axes
  3906 | D:4      | Reached skill level 5 in Dodging
  4190 | D:4      | Found a staircase to the Ecumenical Temple.
  4206 | Temple   | Entered the Ecumenical Temple
  4425 | D:4      | Noticed Dowan
  4581 | D:5      | Noticed a necrophage
  4602 | D:5      | Killed a necrophage
  4603 | D:5      | Reached XP level 7. HP: 44/60 MP: 10/10
  5595 | D:2      | Bought a sapphire potion for 21 gold pieces
  5595 | D:2      | Bought a scroll labelled LIUB RO GYAWA for 24 gold pieces
  5595 | D:2      | Bought a kite shield for 108 gold pieces
  5660 | D:6      | Reached skill level 10 in Stealth
  5668 | D:6      | Noticed Blork the orc
  6044 | D:5      | Reached XP level 8. HP: 59/67 MP: 12/12
  6200 | D:6      | Killed Blork the orc
  7063 | D:6      | Noticed Edmund
  7128 | D:5      | Killed Edmund
  7425 | D:6      | Found an iron altar of Okawaru.
  7436 | D:6      | Noticed Grinder
  7452 | D:6      | Paralysed by Grinder for 4 turns
  7458 | D:6      | Killed Grinder
  7495 | D:6      | Reached XP level 9. HP: 63/72 MP: 14/14
  7577 | D:6      | Mangled by a wight

Illustrated notes

Levels and vault maps discovered:
D:1:      dpeg_arrival_morbid_curiosity, layout_basic,
          shapermc_ecumenical_altar_venn, chequers_serial_rivers_room_b,
          hangedman_abyss_or_decor_lesser_grid
D:2:      layout_rooms, serial_shops, nicolae_diamond_shop,
          kennysheep_small_spiral, minmay_misc_feat_tiny
D:3:      layout_rooms
D:4:      minmay_chambers_of_fours, layout_loops_cross,
          minmay_temple_entry_sparse_star, uniq_duvessa
D:5:      layout_rooms
D:6:      layout_rooms, chequers_decorated_corner, hangedman_feature_mirror,
          kennysheep_generic_room_7, uniq_blork_the_orc,
          uniq_crazy_yiuf_cottage, uniq_grinder, uniq_edmund
Temple:   roderic_octagonal_lattice_temple

Skill      XL: |  1  2  3  4  5  6  7  8 |
---------------+-------------------------+-----
Stealth        | 10 | 10.3
Invocations    | 1 2 3 4 |  4.2
Short Blades   | 1 2 3 |  3.8
Long Blades    | 1 2 3 |  3.8
Maces & Flails | 1 2 3 |  3.8
Polearms       | 1 2 3 |  3.8
Staves         | 1 2 3 |  3.8
Slings         | 1 2 3 |  3.8
Bows           | 1 2 3 |  3.8
Crossbows      | 1 2 3 |  3.8
Throwing       | 1 2 3 |  3.8
Armour         | 1 2 3 |  3.8
Shields        | 1 2 3 |  3.8
Unarmed Combat | 1 2 3 |  3.8
Spellcasting   | 1 2 3 |  3.8
Evocations     | 1 2 3 |  3.8
Conjurations   | 1 2 3 |  3.1
Hexes          | 1 2 3 |  3.1
Summonings     | 1 2 3 |  3.1
Necromancy     | 1 2 3 |  3.1
Translocations | 1 2 3 |  3.1
Transmutations | 1 2 3 |  3.1
Fire Magic     | 1 2 3 |  3.1
Ice Magic      | 1 2 3 |  3.1
Air Magic      | 1 2 3 |  3.1
Earth Magic    | 1 2 3 |  3.1
Poison Magic   | 1 2 3 |  3.1
Axes           | 5 6 |  6.0
Dodging        | 5 6 |  6.0
Fighting       | 7 |  7.6

Action                   |  1- 3 |  4- 6 |  7- 9 || total
-------------------------+-------+-------+-------++-------
Melee: Hand axe          |    83 |   205 |    92 ||   380
       Bite              |     2 |     8 |    21 ||    31
       Punch             |       |     2 |     1 ||     3
       War axe           |       |       |    92 ||    92
Throw: Boomerang         |     1 |     9 |     3 ||    13
       Dart              |       |       |    15 ||    15
Evoke: Wand              |       |     1 |     2 ||     3
  Use: Potion            |     1 |     3 |     4 ||     8
       Scroll            |     4 |     4 |     5 ||    13
 Stab: Sleeping          |     7 |    13 |       ||    20
       Distracted        |     1 |       |       ||     1
Armor: Leather armour    |    11 |    55 |     1 ||    67
       Chain mail        |       |       |   152 ||   152
Dodge: Dodged            |    48 |   148 |    56 ||   252
Block: Kite shield       |       |       |    99 ||    99

Table legend: (Time is in decaauts)
 A = Elapsed time spent in this place.
 B = Non-inter-level travel time spent in this place.
 C = Inter-level travel time spent in this place.
 D = Time resting spent in this place.
 E = Time spent auto-exploring this place.
 F = Levels seen in this place.
 G = Mean time per level.
                   A        B        C        D        E       F      G
               +--------+--------+--------+--------+--------+-----+--------+
         Total |   7594 |   7399 |    195 |   3372 |   2618 |   7 | 1084.9 |
       Dungeon |   7591 |   7396 |    195 |   3372 |   2618 |   6 | 1265.2 |
        Temple |      2 |      2 |      0 |      0 |      0 |   1 |    2.0 |
               +--------+--------+--------+--------+--------+-----+--------+

Top non-repeatable levels by time:
     D:5: 2007 daAuts
     D:4: 1872 daAuts
     D:2: 1527 daAuts
     D:6: 945 daAuts
     D:1: 835 daAuts
     D:3: 404 daAuts
  Temple: 2 daAuts
